 Dungeon Crawl Stone Soup version 0.19.0-19-g8c6edcc (console) character file.

71386 Kloppie the Warrior (level 14, 0/207 HPs)
             Began as a Green Draconian Berserker on Nov 16, 2016.
             Was the Champion of Trog.
             Slain by a manticore (11 damage)
             ... summoned by Kirke
             ... on level 1 of the Swamp.
             The game lasted 00:33:24 (20020 turns).

Kloppie the Warrior (Green Draconian Berserker)    Turns: 20020, Time: 00:33:25

Health: 0/207      AC:  0    Str: 25    XL:     14   Next: 97%
Magic:  5/14       EV: 24    Int:  8    God:    Trog [******]
Gold:   1777       SH:  6    Dex: 15    Spells: 0 memorised, 13 levels left

rFire  . . .     SeeInvis .     (weapon currently unavailable)
rCold  . . .     Gourm    .     (armour unavailable)
rNeg   . . .     Faith    .     (shield currently unavailable)
rPois  .         Spirit   .     (helmet currently unavailable)
rElec  .         Reflect  +     (cloak currently unavailable)
rCorr  .         Harm     .     (gloves currently unavailable)
MR     +++..                    (boots currently unavailable)
Stlth  ..........               e - +6 amulet of reflection
                                (ring currently unavailable)
                                (ring currently unavailable)

@: berserking, pig-form, regenerating, very quick
A: (breathe noxious fumes), unfitting armour, (stinger 0), (poison resistance),
(cold-blooded), AC +8
a: Berserk, Trog's Hand, Brothers in Arms, Burn Spellbooks, Renounce Religion


You were on level 1 of the Swamp.
You worshipped Trog.
Trog was exalted by your worship.
You were near starving.
You were a filthy swine.
You visited 4 branches of the dungeon, and saw 21 of its levels.
You also visited: Labyrinth and Ossuary.

You collected 2060 gold pieces.
You spent 283 gold pieces at shops.

Inventory:

Hand Weapons
 a - the +11 great mace of the Wasteland (melded) {antimagic, rPois Int+4 Dex+4}
   (Trog gifted it to you on level 5 of the Lair of Beasts)

   It reduces the magical energy of the wielder, and disrupts the spells and
   magical abilities of those hit.
   Natural abilities and divine invocations are not affected.
   It affects your intelligence (+4).
   It affects your dexterity (+4).
   It protects you from poison.
 B - the +12 shortbow of Watchfulness {flame, +Blink +Fly rF- Int+7, unknown}
   (You took it off a minotaur in a labyrinth)

   It causes projectiles fired from it to burn those they strike, causing extra
   injury to most foes and up to half again as much damage against particularly
   susceptible opponents.
   It affects your intelligence (+7).
   It makes you vulnerable to fire.
   It lets you fly.
   It lets you blink.
 F - the +9 morningstar of the Abyss {drain, Dex+3}
   (You acquired it on level 5 of the Dungeon)

   A truly terrible weapon, it drains the life of those it strikes.
   It affects your dexterity (+3).
Armour
 v - a +2 cloak (melded)
 C - a +1 pair of boots (melded)
 J - a +2 pair of gloves (melded)
 M - a +0 buckler
 R - a +2 hat of see invisible (melded)
Jewellery
 e - a +6 amulet of reflection (around neck)
 h - a +4 ring of slaying (melded)
 i - an uncursed ring of flight
 m - an uncursed ring of see invisible
 q - an uncursed ring of protection from magic
 y - an uncursed ring of positive energy
 K - an uncursed ring of ice
 O - a +4 ring of protection (melded)
Wands
 d - a wand of teleportation (2/9)
 f - a wand of hasting (4/9)
 L - a wand of hasting (5/9)
 T - a wand of slowing (47/48)
 U - a wand of acid (11/15)
Scrolls
 g - 7 scrolls of teleportation
 j - 2 scrolls of enchant armour
 l - 11 scrolls of remove curse
 o - 2 scrolls of recharging
 w - 4 scrolls of fear
 D - 3 scrolls of enchant weapon
 N - 3 scrolls of fog
 P - a scroll of blinking
 Q - 2 scrolls of acquirement
Potions
 k - a potion of cure mutation
 p - 3 potions of haste
 s - 3 potions of flight
 t - 6 potions of might
 u - 6 potions of curing
 x - 2 potions of resistance
 A - 4 potions of heal wounds
 G - a potion of cancellation
 V - a potion of invisibility
Comestibles
 b - 14 bread rations
 n - 5 meat rations
 r - 46 fruits
 E - 4 slices of pizza
 H - 11 royal jellies


   Skills:
 - Level 16.5 Fighting
 + Level 16.2 Maces & Flails
 - Level 12.3 Dodging
 - Level 4.6 Shields


You had 13 spell levels left.
You didn't know any spells.

Dungeon Overview and Level Annotations

Branches:
Dungeon (12/15)            Temple (0/1) D:4            Lair (6/6) D:8
  Swamp (1/4) Lair:3        Snake (0/4) Lair:3        Slime (0/5) Lair:6
    Orc (2/2) D:11            Elf (0/3) Orc:2

Altars:
Cheibriados
Elyvilon
Fedhas
Gozag
Hepliaklqana
Makhleb
Nemelex Xobeh
Ru
Sif Muna
Uskayaw
Vehumet
Xom
Yredelemnul
Beogh
Jiyva

Shops:
Orc:2 ([:*

Annotations:
Lair:5 exclusion: oklob plant
Swamp:1 Kirke


Innate Abilities, Weirdness & Mutations

((You can breathe blasts of noxious fumes.))
((Your lurid green scales are hard. (AC +8)))
You cannot fit into any form of body armour.
((Your tail ends in a poisonous barb.))
((Your system is resistant to poisons. (rPois)))
((You are cold-blooded and may be slowed by cold attacks.))


Message History

You block the manticore's attack. The hog misses you. The hog bites you.
* * * LOW HITPOINT WARNING * * *
You block the hog's attack.
You hear some strange, mumbled words.
Something tries to affect you, but you resist.
You closely miss something. The hog bites you!
* * * LOW HITPOINT WARNING * * *
The hog bites you!
* * * LOW HITPOINT WARNING * * *
You block the manticore's attack. The manticore misses you. x2
You block the hog's attack.
You closely miss something. Something closely misses you.
The hog closely misses you. The hog misses you. The manticore bites you!!
* * * LOW HITPOINT WARNING * * *
The manticore claws you!
* * * LOW HITPOINT WARNING * * *
The manticore claws you!
* * * LOW HITPOINT WARNING * * *
The manticore closely misses you. The manticore claws you!
You die...

...# .... .≈..
.....##..≈.. .....##
..........♣
≈≈≈≈.#.##.....≈≈.≈♣
.≈≈≈...!?...≈...♣.♣
.>≈§...hw.≈≈≈.....♣♣
.≈≈≈≈≈Hhh.≈≈≈≈?≈...♣
...≈≈≈{h♣.≈≈≈≈.≈..♣
..≈≈..h♣H....≈.≈≈.♣
.♣≈≈≈.≈...≈≈..≈♣≈≈♣ .
.≈≈♣≈.≈≈≈.$≈≈≈....♣..
.♣≈≈≈.≈≈≈≈≈≈...≈.♣≈§..
.≈≈♣....≈.≈≈.≈≈≈≈≈≈.♣
≈.?.≈≈.≈.≈≈.≈...≈≈...♣
≈.≈..♣♣..≈.≈≈.≈≈≈.≈≈.♣
≈[♣ ♣.≈≈.$..≈≈.≈≈≈.♣♣


You could see a tyrant leech, 2 manticores and 4 hogs.

Vanquished Creatures
  Gastronok (D:11)
  An orc warlord (Orc:1)
  A minotaur (Lab)
  A fire dragon (Lair:6)
  2 hydras
  Harold (Lair:3)
  An alligator (Swamp:1)
  A tengu warrior (D:12)
  An ogre mage (Orc:2)
  3 orc high priests
  Urug (D:11)
  2 unseen horrors (Lab)
  The ghost of Kloppie the Spear-Bearer, a novice MfBe of Trog (D:6)
  A hill giant (D:11)
  2 wolf spiders (Lair:6)
  5 orc knights
  A manticore (D:12)
  10 elephants (Lair:6)
  A guardian serpent (Lair:6)
  15 black mambas
  13 spiny frogs
  6 komodo dragons
  3 rime drakes
  A tengu conjurer (D:12)
  5 trolls
  A queen bee (Lair:3)
  2 tyrant leeches
  4 hornets
  A two-headed ogre (Orc:2)
  10 dream sheep
  Prince Ribbit (D:6)
  2 bog bodies (Swamp:1)
  4 slime creatures (Swamp:1)
  28 blink frogs
  9 hippogriffs
  A meliai zombie (D:12)
  11 wyverns
  Eustachio (D:6)
  A spriggan (Swamp:1)
  A wraith (D:12)
  50 yaks
  6 hungry ghosts
  3 hogs (Swamp:1)
  A basilisk (Lair:6)
  2 steam dragons (Lair:6)
  Menkaure (Ossuary)
  2 mottled dragons (Lair:6)
  4 wargs
  3 swamp worms
  5 insubstantial wisps (Swamp:1)
  19 water moccasins
  29 orc warriors
  3 swamp drakes
  10 porcupines
  3 sky beasts
  2 ice beasts
  6 phantoms
  14 ogres
  5 centaurs
  14 crocodiles
  3 big kobolds
  11 bullfrogs
  A gnoll sergeant (D:5)
  A water moccasin zombie (D:8)
  A wyvern skeleton (D:12)
  25 killer bees
  5 scorpions
  4 wights (D:6)
  3 howler monkeys
  7 crimson imps
  A bullfrog zombie (D:11)
  A centaur zombie (D:7)
  15 jellies
  3 centaur skeletons
  3 hounds
  6 orc priests
  15 orc wizards
  4 bullfrog skeletons
  13 iguanas
  12 worker ants
  A hound skeleton (D:10)
  A hound zombie (D:5)
  2 mummies (Ossuary)
  A howler monkey zombie (D:11)
  A worker ant zombie (D:10)
  10 gnolls
  16 adders
  2 shadow imps
  9 oozes (Lair:5)
  2 adder zombies
  An adder skeleton (D:8)
  2 dart slugs (D:1)
  3 leopard geckos
  51 orcs
  3 giant cockroaches
  16 goblins
  12 hobgoblins
  7 jackals
  5 quokkas
  3 ball pythons
  A ball python skeleton (D:6)
  5 bats
  2 frilled lizards
  A gnoll skeleton (Ossuary)
  2 gnoll zombies (Ossuary)
  3 goblin skeletons (Ossuary)
  5 goblin zombies (Ossuary)
  2 hobgoblin skeletons (Ossuary)
  4 hobgoblin zombies (Ossuary)
  22 kobolds
  3 kobold skeletons (Ossuary)
  3 kobold zombies (Ossuary)
  2 orc skeletons (Ossuary)
  4 rats
  4 rat skeletons (Ossuary)
  3 rat zombies (Ossuary)
  A plant (Lair:6)
688 creatures vanquished.

Vanquished Creatures (collateral kills)
  A killer bee (D:10)
1 creature vanquished.

Vanquished Creatures (others)
  A basilisk (Lair:6)
  A hound (D:12)
  An iguana (D:8)
  A mummy (Ossuary)
  2 gnoll zombies (Ossuary)
  3 goblin skeletons (Ossuary)
  A goblin zombie (Ossuary)
  2 hobgoblin skeletons (Ossuary)
  A hobgoblin zombie (Ossuary)
  3 kobold skeletons (Ossuary)
  3 kobold zombies (Ossuary)
  2 orc skeletons (Ossuary)
  A rat zombie (Ossuary)
  15 fungi
  9 plants
46 creatures vanquished.

Grand Total: 735 creatures vanquished

Notes
Turn   | Place    | Note
-------+----------+-------------------------------------------
     0 | D:1      | Kloppie the Draconian Berserker began the quest for the Orb.
     0 | D:1      | Reached XP level 1. HP: 19/19 MP: 1/1
   104 | D:1      | Reached XP level 2. HP: 17/26 MP: 2/2
   835 | D:2      | Reached ** piety under Trog
   835 | D:2      | Reached XP level 3. HP: 30/33 MP: 3/3
   874 | D:2      | Found a blossoming altar of Fedhas.
  1194 | D:2      | Found an opulent altar of Gozag.
  1194 | D:2      | Found a deep blue altar of Sif Muna.
  1194 | D:2      | Found a hide-covered altar of Uskayaw.
  1215 | D:2      | Found a basalt altar of Yredelemnul.
  1248 | D:2      | Reached XP level 4. HP: 30/40 MP: 4/4
  1668 | D:3      | Found a sacrificial altar of Ru.
  1831 | D:3      | Found a blossoming altar of Fedhas.
  2019 | D:3      | Found a white marble altar of Elyvilon.
  2046 | D:3      | Found a burning altar of Makhleb.
  2076 | D:3      | Reached XP level 5. HP: 46/47 MP: 5/5
  2560 | D:4      | Found a staircase to the Ecumenical Temple.
  2668 | D:4      | Found a sand-covered staircase.
  2699 | Ossuary  | Entered an ossuary
  2762 | Ossuary  | Reached *** piety under Trog
  3198 | Ossuary  | Noticed Menkaure
  3204 | Ossuary  | Killed Menkaure
  3204 | Ossuary  | Reached XP level 6. HP: 52/55 MP: 6/6
  3432 | D:4      | Reached skill level 5 in Fighting
  3755 | D:5      | Entered Level 5 of the Dungeon
  3760 | D:5      | Reached skill level 5 in Maces & Flails
  3992 | D:5      | Your scales start taking on a lurid green colour.
  3992 | D:5      | Reached XP level 7. HP: 55/62 MP: 7/7
  3992 | D:5      | Gained mutation: Your system is resistant to poisons. (rPois) [Green Draconian growth]
  4114 | D:5      | Reached **** piety under Trog
  4536 | D:5      | Reached XP level 8. HP: 46/73 MP: 8/8
  5097 | D:5      | Identified a scroll of acquirement
  5098 | D:5      | Got an encrusted morningstar
  5099 | D:5      | Identified the +9 morningstar of the Abyss {drain, Dex+3} (You acquired it on level 5 of the Dungeon)
  5119 | D:6      | Noticed Eustachio
  5134 | D:6      | Killed Eustachio
  5391 | D:6      | Noticed Kloppie's ghost (novice MfBe)
  5398 | D:6      | Noticed Prince Ribbit
  5402 | D:6      | Killed Kloppie's ghost
  5402 | D:6      | Reached XP level 9. HP: 83/83 MP: 9/9
  5415 | D:6      | Killed Prince Ribbit
  5886 | D:7      | Reached skill level 10 in Fighting
  5930 | D:7      | Reached skill level 10 in Maces & Flails
  6225 | D:8      | Found a sparkling altar of Nemelex Xobeh.
  6235 | D:8      | Found a hazy altar of Hepliaklqana.
  6447 | D:8      | Found a radiant altar of Vehumet.
  6534 | D:8      | Found a snail-covered altar of Cheibriados.
  6646 | D:8      | Received a gift from Trog
  6657 | D:8      | Found a staircase to the Lair.
  6668 | D:8      | Noticed a komodo dragon
  6670 | D:8      | Noticed a komodo dragon
  6670 | D:8      | Reached XP level 10. HP: 94/94 MP: 10/10
  7908 | D:10     | Entered Level 10 of the Dungeon
  8348 | D:10     | Reached ***** piety under Trog
  8854 | Lair:1   | Entered Level 1 of the Lair of Beasts
  8955 | Lair:1   | Reached XP level 11. HP: 67/101 MP: 11/11
  9874 | Lair:2   | Found a labyrinth entrance.
  9874 | Lair:2   | Noticed a seven-headed hydra
  9882 | Lair:2   | Killed a seven-headed hydra
  9888 | Lab      | Entered a labyrinth
 10150 | Lab      | Noticed an unseen horror
 10161 | Lab      | Killed an unseen horror
 10170 | Lab      | Noticed an unseen horror
 10187 | Lab      | Killed an unseen horror
 10236 | Lab      | Noticed a minotaur
 10249 | Lab      | Killed a minotaur
 10249 | Lab      | Reached skill level 15 in Maces & Flails
 10252 | Lab      | Got an uncursed transparent shortbow {flame}
 10463 | Lair:2   | Received a gift from Trog
 10979 | Lair:3   | Reached XP level 12. HP: 99/112 MP: 12/12
 11066 | Lair:3   | Found a staircase to the Snake Pit.
 11600 | Lair:3   | Noticed Harold
 11611 | Lair:3   | Killed Harold
 11715 | Lair:3   | Reached skill level 5 in Dodging
 11951 | Lair:3   | Found a staircase to the Swamp.
 12847 | Lair:5   | Reached XP level 13. HP: 101/123 MP: 13/13
 13381 | Lair:5   | Received a gift from Trog
 13382 | Lair:5   | Got a twisted great mace {god gift}
 14146 | D:11     | Noticed Urug
 14155 | D:11     | Killed Urug
 14331 | D:11     | Found a staircase to the Orcish Mines.
 14562 | D:11     | Noticed Gastronok
 14574 | D:11     | Killed Gastronok
 14594 | D:11     | Found a shimmering altar of Xom.
 15645 | D:12     | Received a gift from Trog
 15649 | D:12     | Reached skill level 10 in Dodging
 15762 | D:12     | Reached skill level 1 in Shields
 15794 | D:12     | Reached ****** piety under Trog
 15991 | Orc:1    | Entered Level 1 of the Orcish Mines
 15996 | Orc:1    | Found a burning altar of Makhleb.
 16243 | Orc:2    | Entered Level 2 of the Orcish Mines
 16249 | Orc:2    | Found Hirutub's Antique Armour Boutique.
 16249 | Orc:2    | Found a staircase to the Elven Halls.
 16262 | Orc:2    | Gained mutation: Your body sometimes deteriorates upon taking damage. [a neqoxec]
 16386 | Orc:2    | Bought a pair of embroidered boots for 283 gold pieces
 16393 | Orc:2    | Found a roughly hewn altar of Beogh.
 16469 | Orc:2    | Found Esiffo's General Store.
 16682 | Orc:2    | Noticed an orc warlord
 16711 | Orc:1    | Killed an orc warlord
 16711 | Orc:1    | Gained mutation: Your tail ends in a poisonous barb. [Green Draconian growth]
 16711 | Orc:1    | Reached XP level 14. HP: 133/133 MP: 14/14
 16939 | Orc:1    | Reached skill level 15 in Fighting
 16996 | Orc:2    | Found a roughly hewn altar of Beogh.
 17542 | Orc:2    | Found Poamotsa's Antique Weapon Boutique.
 17550 | Orc:2    | Received a gift from Trog
 17588 | Orc:2    | Found Hetsomede's Book Emporium.
 17784 | Orc:2    | Lost mutation: Your body sometimes deteriorates upon taking damage. [potion of cure mutation]
 18048 | Lair:6   | Entered Level 6 of the Lair of Beasts
 18405 | Lair:6   | Found a viscous altar of Jiyva.
 18406 | Lair:6   | Found a staircase to the Slime Pits.
 18652 | Lair:6   | HP: 5/205 [black mamba (12)]
 19059 | Lair:6   | Received a gift from Trog
 19372 | Lair:6   | Identified a +0 rod of ignition (12/12) (You found it on level 11 of the Dungeon)
 19375 | Lair:6   | Identified the +11 great mace of the Wasteland {antimagic, rPois Int+4 Dex+4} (Trog gifted it to you on level 5 of the Lair of Beasts)
 19568 | Swamp:1  | Entered Level 1 of the Swamp
 20001 | Swamp:1  | Noticed Kirke
 20020 | Swamp:1  | Slain by a manticore

Skill      XL: |  1  2  3  4  5  6  7  8  9 10 11 12 13 14 |
---------------+-------------------------------------------+-----
Dodging        | 3 4 7 10 12 | 12.3
Fighting       | 4 5 7 9 10 12 13 14 16 | 16.5
Maces & Flails | 4 5 6 8 10 13 15 16 | 16.2
Shields        | 4 |  4.6

Action                   |  1- 3 |  4- 6 |  7- 9 | 10-12 | 13-15 || total
-------------------------+-------+-------+-------+-------+-------++-------
Melee: Mace              |   103 |    66 |       |       |       ||   169
       Tailslap          |     7 |    19 |    31 |    79 |   130 ||   266
       Flail             |       |   120 |   134 |       |       ||   254
       Morningstar       |       |       |   141 |   468 |   755 ||  1364
       Great mace        |       |       |       |       |    28 ||    28
       Unarmed           |       |       |       |       |     8 ||     8
Invok: Berserk           |     1 |     2 |     2 |     6 |     7 ||    18
       Trog's Hand       |       |       |     2 |     3 |     4 ||     9
 Abil: Breathe Noxious F |       |       |     1 |     2 |     1 ||     4
  Use: Scroll            |       |    16 |     6 |     9 |    15 ||    46
       Potion            |       |       |       |       |     2 ||     2
 Stab: Sleeping          |     1 |     2 |     3 |     6 |     5 ||    17
       Distracted        |       |     2 |       |       |     1 ||     3
       Confused          |       |       |     1 |     1 |       ||     2
  Eat: Chunk             |     2 |     6 |    10 |    16 |    29 ||    63
       Meat ration       |       |     1 |     1 |     1 |       ||     3
       Royal jelly       |       |       |       |     3 |       ||     3
       Fruit             |       |       |       |     1 |       ||     1
       Beef jerky        |       |       |       |       |     1 ||     1
Armor: Skin              |    34 |    45 |    70 |    81 |   145 ||   375
Dodge: Dodged            |    73 |   112 |   141 |   306 |   560 ||  1192
Block: Other             |       |    21 |    84 |   110 |    82 ||   297
       Reflection        |       |       |     2 |     2 |     4 ||     8
       Buckler           |       |       |       |       |   265 ||   265
